 Dungeon Sprint DCSS version 0.30.1 (webtiles) character file.

Game seed: 4224891294973193855

294 boopmooplesden the Cruncher (level 8, -6/67 HPs)
             Began as a Demonspawn Gladiator on July 5, 2023.
             Was a High Priest of Trog.
             Mangled by the 27-headed Lernaean hydra (13 damage)
             ... in the Dungeon (Sprint VI: "Thunderdome").
             The game lasted 00:04:32 (730 turns).

boopmooplesden the Cruncher (Demonspawn Gladiator)   Turns: 730, Time: 00:04:33

Health: -6/67      AC: 11    Str: 27    XL:     8   Next: 8%
Magic:  17/17      EV: 22    Int:  6    God:    Trog [*****.]
Gold:   220        SH:  0    Dex: 20    Spells: 7/7 levels left

rFire   x . .        a - +0 quarterstaff
rCold   + . .        (shield currently unavailable)
rNeg    . . .        s - +1 leather armour of Painted Knowledge {Will+ Dex+5}
rPois   +            c - +0 helmet
rElec   +            (no cloak)
rCorr   +            (no gloves)
SInv    .            (no boots)
Will    +++..        r - amulet "Dihewe" {Contam rElec Regen+ MP+9 Int-3}
Stlth   ++           p - ring "Pulegor" {Ice +Blink rPois Str+3 Slay+2}
HPRegen 2.11/turn    q - ring "Guwiuth" {rCorr Str+7}
MPRegen 0.15/turn

%: no teleportation
@: agile, strong-willed, sanguine armoured, on berserk cooldown, regenerating,
slowed, very slow
A: powered by pain 2, sanguine armour 1, demonic magic 1
a: Renounce Religion, Evoke Blink, Berserk, Trog's Hand, Brothers in Arms


You were in the Dungeon.
You worshipped Trog.
Trog was extremely pleased with you.
You visited 1 branch You collected 600 gold pieces.
You spent 380 gold pieces at shops.

Inventory:

Hand Weapons
 a - a +0 quarterstaff (weapon)
Missiles
 d - 2 throwing nets (quivered)
 e - a javelin
Armour
 b - a +0 leather armour
 c - a +0 helmet (worn)
 s - the +1 leather armour of Painted Knowledge (worn) {Will+ Dex+5}
   (You bought it in a shop in the Dungeon)

   Dex:       It affects your dexterity (+5).
   Will:      It increases your willpower.
Jewellery
 p - the ring "Pulegor" (left hand) {Ice +Blink rPois Str+3 Slay+2}
   (You bought it in a shop in the Dungeon)

   [ring of ice]

   It enhances your ice magic.
   Str:       It affects your strength (+3).
   Slay:      It affects your accuracy & damage with ranged weapons and melee
   (+2).
   rF:        It makes you vulnerable to fire.
   rC:        It protects you from cold.
   rPois:     It protects you from poison.
   +Blink:    It lets you blink.
 q - the ring "Guwiuth" (right hand) {rCorr Str+7}
   (You bought it in a shop in the Dungeon)

   [ring of resist corrosion]

   Str:       It affects your strength (+7).
   rCorr:     It protects you from acid and corrosion.
 r - the amulet "Dihewe" (around neck) {Contam rElec Regen+ MP+9 Int-3}
   (You bought it in a shop in the Dungeon)

   [amulet of regeneration]

   Int:       It affects your intelligence (-3).
   rElec:     It insulates you from electricity.
   MP:        It affects your magic capacity (+9).
   Contam:    It causes magical contamination when unequipped.
   Regen:     It increases your rate of health regeneration.
Wands
 m - a wand of acid (1)
 n - a wand of iceblast (3)
Scrolls
 k - 3 scrolls of blinking
 o - 3 scrolls of fog
Potions
 f - a potion of curing
 g - 4 potions of heal wounds
 h - 4 potions of haste
 i - 2 potions of magic
 j - a potion of berserk rage
 l - a potion of resistance


   Skills:
 + Level 7.1 Fighting
 + Level 11.3 Staves
 + Level 4.0 Throwing
 + Level 5.1 Armour
 + Level 8.3 Dodging
 + Level 1.2 Stealth
 + Level 1.8 Evocations


You had 7 spell levels left.
You didn't know any spells.
Your spell library was empty.

Dungeon Overview and Level Annotations

Branches:
Dungeon (1/1)

Altars:
Cheibriados
Dithmenos
Fedhas
Gozag
Kikubaaqudgha
Makhleb
Okawaru
Qazlal
Ru
Sif Muna
Trog
Uskayaw
Vehumet
Wu Jian
Xom
Yredelemnul
Lugonu

Shops:
D *[??*?*:[((!!!!

Annotations:
D Lernaean hydra


Innate Abilities, Weirdness & Mutations

You sometimes gain power by taking damage.
When seriously injured, your blood forms armour. (AC +6)
Spells you cast may paralyse adjacent enemies.


Message History

a +0 quarterstaff; a +0 robe; a spriggan corpse You feel a strong urge to attack something.
You start resting.
You feel your anger nearly subside.
You are no longer berserk.
You are exhausted.
You feel yourself slow down.
The 27-headed Lernaean hydra is nearby!
The 27-headed Lernaean hydra is nearby!
The 27-headed Lernaean hydra is nearby!
The 27-headed Lernaean hydra attacks as you move away!
The 27-headed Lernaean hydra bites you! x2; Your blood congeals into armour.
The 27-headed Lernaean hydra completely misses you.
The 27-headed Lernaean hydra closely misses you.
The 27-headed Lernaean hydra completely misses you.
The 27-headed Lernaean hydra bites you but does no damage.
The 27-headed Lernaean hydra bites you.
The 27-headed Lernaean hydra misses you.
The 27-headed Lernaean hydra barely misses you.
The 27-headed Lernaean hydra bites you!
The 27-headed Lernaean hydra bites you but does no damage.
The 27-headed Lernaean hydra barely misses you.
The 27-headed Lernaean hydra bites you.
* * * LOW HITPOINT WARNING * * *
The 27-headed Lernaean hydra bites you but does no damage. x2
The 27-headed Lernaean hydra bites you!
* * * LOW HITPOINT WARNING * * *
The 27-headed Lernaean hydra bites you but does no damage.
The 27-headed Lernaean hydra barely misses you.
The 27-headed Lernaean hydra bites you.
* * * LOW HITPOINT WARNING * * *
The 27-headed Lernaean hydra bites you.
* * * LOW HITPOINT WARNING * * *
The 27-headed Lernaean hydra misses you.
The 27-headed Lernaean hydra bites you but does no damage.
The 27-headed Lernaean hydra bites you.
* * * LOW HITPOINT WARNING * * *
The 27-headed Lernaean hydra closely misses you.
The 27-headed Lernaean hydra completely misses you.
The 27-headed Lernaean hydra bites you!
You die...

#⌠...))......⌠#
######.8.........8.######
##.___......###.)...§§__∩##
###∩........8.# #.8...§○...∩##
##............)###.............
#⌠..........###...###..........
#⌠..........# #.<.# #..........
#⌠..........###D..###..).......
##............@###.............
###∩.....).)8.# #.8........∩##
##∩___......###......___∩##
######.8.........8.######
#⌠.......(...⌠# ###.........###
#_.....))_# #.........#
#_......._#


You could see the 27-headed Lernaean hydra.

Vanquished Creatures
  A spriggan druid (D)
  A guardian mummy (D)
  Menkaure (D)
  2 scorpions (D)
  An orc priest (D)
  An orc wizard (D)
  4 mummies (D)
  A worm (D)
  4 orcs (D)
  2 giant cockroaches (D)
  7 kobolds (D)
25 creatures vanquished.

Notes
Turn   | Place    | Note
-------+----------+-------------------------------------------
     0 | D        | boopmooplesden the Demonspawn Gladiator began the quest for
                  | the Orb.
     0 | D        | Reached XP level 1. HP: 16/16 MP: 1/1
     3 | D        | Found a basalt altar of Yredelemnul.
     3 | D        | Found a shadowy altar of Dithmenos.
     4 | D        | Found a blossoming altar of Fedhas.
     5 | D        | Found a hide-covered altar of Uskayaw.
     5 | D        | Found a shimmering blue altar of Sif Muna.
     5 | D        | Round 1.
     6 | D        | Found a corrupted altar of Lugonu.
     6 | D        | Found a stormy altar of Qazlal.
     6 | D        | Found Dece's Identification Station.
     7 | D        | Found Cint's Jewellery.
     7 | D        | Found Nikkuo's Advanced Armour.
    15 | D        | Bought a translucent wooden ring for 45 gold pieces
    15 | D        | Identified the ring "Pulegor" {Ice +Blink rPois Str+3
                  | Slay+2} (You bought it in a shop in the Dungeon)
    15 | D        | Bought a translucent bone ring for 45 gold pieces
    15 | D        | Identified the ring "Guwiuth" {rCorr Str+7} (You bought it
                  | in a shop in the Dungeon)
    15 | D        | Bought a scorched jade amulet for 45 gold pieces
    15 | D        | Identified the amulet "Dihewe" {Contam rElec Regen+ MP+9
                  | Int-3} (You bought it in a shop in the Dungeon)
    25 | D        | Found a snail-covered altar of Cheibriados.
    27 | D        | Found an iron altar of Okawaru.
    29 | D        | Found Xadeu's Premium Goods.
    30 | D        | Found a radiant altar of Vehumet.
    30 | D        | Found an opulent altar of Gozag.
    30 | D        | Found Ererghaha's Weapon Rack.
    30 | D        | Found Sibeump's Miscellaneous Merchandise.
    30 | D        | Found Taskiomn's Basic Armour.
    34 | D        | Found an ornate altar of the Wu Jian Council.
    35 | D        | Found an ancient bone altar of Kikubaaqudgha.
    36 | D        | Found a bloodstained altar of Trog.
    37 | D        | Found Povess's Do-It-Yourself Clinic.
    38 | D        | Found Xoberchi's Bottled Wisdom.
    38 | D        | Found Doptem's Distillery.
    38 | D        | Found Nyeh Cue's Distillery.
    43 | D        | Reached skill level 3 in Staves
    46 | D        | Became a worshipper of Trog the Wrathful
    51 | D        | Found a shimmering altar of Xom.
    52 | D        | Found a burning altar of Makhleb.
    53 | D        | Noticed an orc wizard
    54 | D        | Found a sacrificial altar of Ru.
    54 | D        | Found Goup's Staff Store.
    54 | D        | Found Efruomm's Magic Scroll Shop.
    55 | D        | Found Kiatz's Must-Have Magic.
    55 | D        | Found Lith's Magic Scroll Shop.
    59 | D        | Killed an orc wizard
    60 | D        | Reached skill level 4 in Staves
    60 | D        | Gained mutation: You sometimes gain a little power by
                  | taking damage. [demonic ancestry]
    60 | D        | Reached XP level 2. HP: 23/23 MP: 2/2
   110 | D        | Reached * piety under Trog
   111 | D        | Reached skill level 5 in Staves
   111 | D        | Gained mutation: You sometimes gain power by taking damage.
                  | [demonic ancestry]
   111 | D        | Reached XP level 3. HP: 9/29 MP: 3/3
   156 | D        | Reached ** piety under Trog
   156 | D        | Arena points: 14 (+14) [x2]
   202 | D        | Round 2.
   264 | D        | Noticed a scorpion
   271 | D        | Killed a scorpion
   272 | D        | Reached skill level 6 in Staves
   272 | D        | Reached skill level 1 in Armour
   272 | D        | Reached skill level 5 in Dodging
   272 | D        | Reached XP level 4. HP: 37/37 MP: 4/4
   323 | D        | Noticed a scorpion
   325 | D        | Killed a scorpion
   325 | D        | Reached *** piety under Trog
   325 | D        | Arena points: 50 (+36) [x3]
   326 | D        | Reached skill level 7 in Staves
   326 | D        | Reached XP level 5. HP: 40/43 MP: 5/5
   379 | D        | Round 3.
   385 | D        | Noticed Menkaure
   393 | D        | Killed Menkaure
   394 | D        | Reached skill level 5 in Fighting
   394 | D        | Reached skill level 8 in Staves
   394 | D        | Gained mutation: Spells you cast may paralyse adjacent
                  | enemies. [demonic ancestry]
   394 | D        | Reached XP level 6. HP: 17/51 MP: 6/6
   456 | D        | Reached **** piety under Trog
   489 | D        | Noticed a guardian mummy
   505 | D        | Killed a guardian mummy
   506 | D        | Reached skill level 9 in Staves
   506 | D        | Gained mutation: When seriously injured, your blood forms
                  | armour. (AC +6) [demonic ancestry]
   506 | D        | Reached XP level 7. HP: 58/58 MP: 7/7
   515 | D        | Arena points: 134 (+84) [x4]
   533 | D        | Bought a scorched leather armour for 245 gold pieces
   533 | D        | Identified the +1 leather armour of Painted Knowledge
                  | {Will+ Dex+5} (You bought it in a shop in the Dungeon)
   547 | D        | Round 4.
   591 | D        | Reached ***** piety under Trog
   644 | D        | Arena points: 294 (+160) [x5]
   705 | D        | Round 5.
   707 | D        | Noticed a spriggan druid
   715 | D        | Noticed the 27-headed Lernaean hydra
   722 | D        | Killed a spriggan druid
   723 | D        | Reached skill level 11 in Staves
   723 | D        | Reached skill level 5 in Armour
   723 | D        | Reached skill level 1 in Stealth
   723 | D        | Reached skill level 1 in Evocations
   723 | D        | Reached XP level 8. HP: 67/67 MP: 8/8
   730 | D        | Mangled by the 27-headed Lernaean hydra

Illustrated notes

Levels and vault maps discovered:
D:        arena_sprint

Skill      XL: |  1  2  3  4  5  6  7 |
---------------+----------------------+-----
Staves         | 4 5 6 7 8 9 11 | 11.3
Dodging        | 4 5 6 7 8 |  8.3
Throwing       | 2 3 4 |  4.0
Fighting       | 3 4 5 6 7 |  7.1
Armour         | 1 2 3 5 |  5.1
Stealth        | 1 |  1.2
Evocations     | 1 |  1.8

Action                     |  1- 3 |  4- 6 |  7- 9 || total
---------------------------+-------+-------+-------++-------
  Melee: Quarterstaff      |    20 |    25 |    12 ||    57
  Throw: Throwing net      |       |       |     1 ||     1
 Invoke: Berserk           |     1 |     2 |     1 ||     4
         Trog's Hand       |       |       |     1 ||     1
  Evoke: Wand              |       |       |     6 ||     6
    Use: Scroll            |       |       |     1 ||     1
 Armour: Leather armour    |     3 |     2 |    12 ||    17
  Dodge: Dodged            |    11 |     7 |    25 ||    43
